Map: Turbo Cruise '84 LE

Players

UFO - Winner!

  • Race: Terran Terran
  • League: Silver
  • Spawn Location: 7:00

TiPtOP

  • Race: Terran Terran
  • League: Silver
  • Spawn Location: 3:00

VOD

Have the link to the VOD?

Description

Time

  • Played on: Aug. 19, 2019, 11:14 p.m.
  • Length: 11:37
Show
View Real Time Build Order
Export as new Build Order

UFO Terran - Winner!

Build Orders:  

Get SALT Encoding   

  12  0:01  SCV  
  13  0:16  Supply Depot  
  13  0:28  Refinery  
  13  0:29  SCV  
  14  0:44  Barracks  
  14  0:49  SCV  
  15  1:02  Barracks  
  15  1:12  SCV  
  16  1:24  SCV  
  17  1:35  Reaper  
  17  1:37  Orbital Command  
  18  1:42  Refinery  
  18  1:49  Reaper  
  19  1:54  Supply Depot  
  19  2:04  SCV  
  19  2:07  Reaper  
  21  2:21  Reaper  
  23  2:22  SCV  
  23  2:35  SCV  
  24  2:42  Supply Depot  
  25  2:59  Reaper  
  25  3:00  SCV  
  27  3:11  Command Center  
  26  3:20  Reaper  
  26  3:24  SCV  
  28  3:31  Reaper  
  29  3:36  SCV  
  30  3:48  SCV  
  31  3:52  Reaper  
  32  4:00  SCV  
  33  4:03  Reaper  
  33  4:12  SCV  
  33  4:16  Factory  
  34  4:18  Supply Depot  
  34  4:24  Reaper, SCV  
  29  5:09  SCV, Orbital Command  
  30  5:19  Starport  
  30  5:20  Starport  
  30  5:21  SCV, Starport  
  30  5:23  Orbital Command  
  30  5:24  Supply Depot  
  31  5:33  SCV  
  32  5:36  Refinery  
  32  5:37  Command Center  
  32  5:41  Widow Mine  
  32  5:42  Refinery  
  34  5:44  Refinery  
  34  5:46  Refinery  
  34  5:55  Marine  
  35  5:58  Engineering Bay  
  35  6:03  Widow Mine  
  37  6:08  Viking x2  
  37  6:11  SCV  
  42  6:13  Marine  
  43  6:22  SCV  
  43  6:24  Widow Mine  
  46  6:29  SCV  
  46  6:31  Fusion Core  
  47  6:47  Starport Tech Lab x2  
  47  6:48  Starport Tech Lab  
  47  6:49  SCV x2  
  47  6:51  Planetary Fortress  
  49  7:01  SCV x2  
  51  7:08  Factory Tech Lab  
  51  7:13  SCV x2  
  53  7:21  Battlecruiser  
  59  7:25  SCV x2  
  59  7:29  Marine  
  62  7:37  SCV x2  
  64  7:47  Marine  
  64  7:50  SCV x2  
  67  7:52  SCV  
  68  8:02  SCV x2  
  68  8:04  Battlecruiser x2, SCV  
  68  8:05  Marine  
  84  8:14  SCV  
  84  8:19  Missile Turret  
  85  8:20  Missile Turret  
  85  8:33  Supply Depot  
  85  8:35  Armory  
  85  8:36  Armory  
  85  8:38  Supply Depot x2  
  85  8:41  Engineering Bay  
  85  8:51  Supply Depot  
  85  8:53  Supply Depot  
  85  8:54  SCV x3  
  85  8:55  Supply Depot  
  88  9:00  Battlecruiser  
  94  9:06  SCV x3  
  97  9:18  SCV x3  
  100  9:25  Battlecruiser  
  100  9:28  Battlecruiser  
  112  9:35  Terran Ship Weapons Level 1, Terran Vehicle And Ship Armor Level 1  
  112  9:52  Siege Tank  
  115  9:56  Marine x2  
  117  11:02  SCV x3  
  120  11:14  SCV x3  
  123  11:20  Command Center x2  
  123  11:24  Refinery  
  123  11:25  Refinery  
  126  11:34  Command Center  
  126  11:35  Refinery  
  126  11:36  Refinery  
Show
View Real Time Build Order
Export as new Build Order

TiPtOP Terran 

Build Orders:  

Get SALT Encoding   

  12  0:01  SCV  
  13  0:13  SCV  
  14  0:21  Supply Depot  
  14  0:25  SCV  
  15  0:42  SCV  
  16  0:44  Barracks  
  16  0:49  Refinery  
  16  0:54  SCV  
  17  1:06  SCV  
  18  1:18  SCV  
  19  1:34  Bunker, Marine  
  20  1:44  Orbital Command  
  20  1:52  Marine  
  21  1:54  Supply Depot  
  21  2:04  Supply Depot  
  21  2:09  Factory  
  21  2:24  Marine  
  22  2:36  Refinery  
  22  2:42  Marine  
  23  2:46  SCV  
  23  2:58  SCV  
  23  3:12  Factory Tech Lab  
  23  3:13  SCV  
  21  3:22  Marine  
  21  3:25  SCV  
  20  3:33  Siege Tank  
  22  3:40  Marine  
  20  3:46  SCV  
  16  3:58  SCV  
  15  4:11  Siege Tank  
  15  4:13  Marine  
  15  4:14  SCV  
  20  4:26  SCV  
  13  4:58  Siege Tank  
  16  5:13  SCV  
  17  5:30  Siege Tank  
  17  5:32  Engineering Bay  
  20  5:39  SCV  
  21  5:51  SCV  
  22  6:03  Missile Turret, SCV  
  23  6:28  Missile Turret  
  23  6:32  SCV  
  24  6:33  Missile Turret  
  24  6:44  SCV  
  25  7:04  Command Center  
  25  7:24  Missile Turret, SCV  
  26  7:38  SCV  
  27  7:46  Refinery  
  27  8:09  SCV  
  28  8:21  SCV  
  29  8:36  Bunker  
  29  8:46  SCV  
  29  8:47  Factory  
  29  8:48  Factory  
  31  8:50  Armory  
  31  8:52  Orbital Command  
  30  8:58  SCV  
  31  9:06  Missile Turret  
  31  9:10  SCV  
  32  9:22  SCV  
  33  9:34  SCV  
  33  9:35  SCV  
  35  9:41  Neosteel Armor  
  35  9:46  SCV, Factory Tech Lab  
  35  9:47  SCV, Factory Reactor  
  37  9:58  SCV  
  37  9:59  SCV  
  35  10:23  Missile Turret  
  28  10:54  Missile Turret  
Tags
 
Add a new tag
Caveats
  • Supply blocks, unpowered buildings, or Contaminate may cause inaccurate times.
  • Supply counts are checked every 10 seconds.